 Dungeon Crawl Stone Soup version 0.21.1-1-g345015f (webtiles) character file.

882 empire the Destroyer (level 7, 0/36 HPs)
             Began as a Deep Elf Conjurer on May 29, 2018.
             Slain by Oravi's ghost (7 damage)
             ... on level 6 of the Dungeon.
             The game lasted 00:13:32 (4844 turns).

empire the Destroyer (Deep Elf Conjurer)            Turns: 4844, Time: 00:13:33

Health: 0/36       AC:  3    Str:  9    XL:     7   Next: 76%
Magic:  8/19       EV: 16    Int: 26    God:
Gold:   388        SH:  0    Dex: 16    Spells: 10/20 levels left

rFire    . . .     SeeInvis .   b - +1 mace (holy)
rCold    . . .     Gourm    .   (no shield)
rNeg     . . .     Faith    .   f - +1 robe
rPois    .         Spirit   .   (no helmet)
rElec    .         Reflect  .   (no cloak)
rCorr    .         Harm     .   (no gloves)
MR       .....                  (no boots)
Stlth    ++........             s - amulet of magic regeneration
HPRegen  0.12/turn              r - +3 ring of evasion
MPRegen  0.41/turn              g - +4 ring of strength

@: brilliant
A: no striking features
a: no special abilities


You were on level 6 of the Dungeon.
You were not hungry.

You visited 1 branch of the dungeon, and saw 6 of its levels.

You collected 388 gold pieces.

Inventory:

Hand Weapons
 a - a +0 hand axe of freezing
 b - a +1 mace of holy wrath (weapon)
Armour
 f - a +1 robe (worn)
Jewellery
 e - an uncursed ring of resist corrosion
 g - a +4 ring of strength (right hand)
 j - an uncursed ring of flight
 r - a +3 ring of evasion (left hand)
 s - an amulet of magic regeneration (around neck)
Wands
 o - a wand of scattershot (3)
Scrolls
 d - 2 scrolls of remove curse
 i - a scroll of enchant armour
Potions
 h - 2 potions of degeneration {unknown}
 k - a potion of heal wounds {unknown}
 l - 5 potions of curing
 p - a potion of cancellation {unknown}
 q - a potion of flight {unknown}
 t - 2 potions of brilliance
 v - a potion of agility {unknown}
 w - a potion of might {unknown}
 x - a potion of mutation {unknown}
Books
 m - a book of Conjurations

   Spells                             Type                      Level
   a - Magic Dart                     Conjuration                  1
   b - Searing Ray                    Conjuration                  2
   c - Dazzling Spray                 Conjuration/Hexes            3
   d - Fulminant Prism                Conjuration/Hexes            4
   e - Force Lance                    Conjuration/Translocation    4
   f - Iskenderun's Mystic Blast      Conjuration                  4
Comestibles
 c - 6 rations


   Skills:
 - Level 2.4 Dodging
 - Level 2.4 Stealth
 + Level 7.2 Spellcasting
 * Level 9.1 Conjurations


You had 10 spell levels left.
You knew the following spells:

 Your Spells              Type           Power        Failure   Level  Hunger
a - Magic Dart            Conj           ####         1%          1    None
b - Searing Ray           Conj           ######       1%          2    None
c - Dazzling Spray        Conj/Hex       #####.       1%          3    None
d - Iskenderun's Mystic   Conj           ######..     1%          4    ###....


Dungeon Overview and Level Annotations

Branches:
Dungeon (6/15)
 Temple: D:4-7

Altars:
Gozag
Nemelex Xobeh

Annotations:
D:6 Oravi's ghost, novice MfTm


Message History

The orb of energy hits Oravi's ghost.
Oravi's ghost is moderately damaged.
The orb of energy explodes!
Oravi's ghost hits you!
* * * LOW HITPOINT WARNING * * *
Casting: Iskenderun's Mystic Blast
Confirm with . or Enter, or press ? or * to list all spells.
Aiming: Iskenderun's Mystic Blast
Press: ? - help, Shift-Dir - straight line, f/p - Oravi's ghost
Aim: Oravi's ghost (moderately damaged)
The orb of energy misses Oravi's ghost.
The orb of energy explodes!
Oravi's ghost hits you but does no damage.
Casting: Iskenderun's Mystic Blast
Confirm with . or Enter, or press ? or * to list all spells.
Aiming: Iskenderun's Mystic Blast
Press: ? - help, Shift-Dir - straight line, f/p - Oravi's ghost
Aim: Oravi's ghost (moderately damaged)
The orb of energy hits Oravi's ghost.
Oravi's ghost is severely damaged.
Oravi's ghost hits you!
You die...

#### ####
... ..# #.#
#.. #W# .#
..###..###@#
#.#
.....o..##.#
#...##(#
#..)...#
..o.!.o####
#...ยง....
..####### .


You could see Oravi's ghost.

Vanquished Creatures
  2 ogres
  Blork the orc (D:4)
  A bullfrog (D:6)
  A scorpion (D:4)
  A hound (D:5)
  2 orc priests
  A centaur zombie (D:5)
  An iguana (D:5)
  4 worker ants
  A hound skeleton (D:5)
  A worker ant zombie (D:5)
  5 gnolls
  8 adders
  2 howler monkey skeletons
  3 oozes
  A worm (D:2)
  2 dart slugs
  5 leopard geckos
  13 orcs
  A ball python (D:1)
  6 giant cockroaches
  7 goblins
  9 hobgoblins
  14 jackals
  6 kobolds
  8 bats
  4 frilled lizards
  7 rats
117 creatures vanquished.

Notes
Turn   | Place    | Note
-------+----------+-------------------------------------------
     0 | D:1      | empire the Deep Elf Conjurer began the quest for the Orb.
     0 | D:1      | Reached XP level 1. HP: 10/10 MP: 6/6
   228 | D:1      | Reached XP level 2. HP: 15/15 MP: 2/8
   515 | D:1      | Reached skill level 5 in Conjurations
   680 | D:1      | Reached XP level 3. HP: 19/19 MP: 10/10
   820 | D:2      | Learned a level 2 spell: Searing Ray
   977 | D:2      | Found a sparkling altar of Nemelex Xobeh.
  1238 | D:2      | Learned a level 3 spell: Dazzling Spray
  1282 | D:2      | Reached XP level 4. HP: 17/24 MP: 9/12
  1842 | D:3      | Reached skill level 6 in Conjurations
  1963 | D:3      | Reached XP level 5. HP: 28/28 MP: 10/13
  2134 | D:3      | Learned a level 4 spell: Iskenderun's Mystic Blast
  2435 | D:3      | Reached skill level 5 in Spellcasting
  2849 | D:3      | Reached skill level 7 in Conjurations
  3416 | D:4      | Noticed Blork the orc
  3430 | D:4      | Killed Blork the orc
  3430 | D:4      | Reached XP level 6. HP: 9/32 MP: 7/16
  4286 | D:4      | Reached skill level 8 in Conjurations
  4292 | D:4      | Reached XP level 7. HP: 36/36 MP: 7/18
  4436 | D:5      | Entered Level 5 of the Dungeon
  4589 | D:5      | Found an opulent altar of Gozag.
  4735 | D:6      | HP: 1/36 [orc/falchion (2)]
  4742 | D:6      | Reached skill level 9 in Conjurations
  4744 | D:6      | Noticed Oravi's ghost (novice MfTm)
  4844 | D:6      | Slain by Oravi's ghost

Skill      XL: |  1  2  3  4  5  6  7 |
---------------+----------------------+-----
Conjurations   | 5 6 7 8 9 |  9.1
Spellcasting   | 4 5 6 7 |  7.2
Dodging        | |  2.4
Stealth        | |  2.4

Action                   |  1- 3 |  4- 6 |  7- 9 || total
-------------------------+-------+-------+-------++-------
Melee: Hand axe          |    20 |       |       ||    20
       Mace              |    35 |    14 |    22 ||    71
 Cast: Magic Dart        |    41 |   146 |    12 ||   199
       Searing Ray       |       |    10 |    10 ||    20
       Dazzling Spray    |       |     1 |       ||     1
       Iskenderun's Myst |       |       |     3 ||     3
  Use: Potion            |       |     1 |     1 ||     2
       Scroll            |       |     5 |     4 ||     9
 Stab: Sleeping          |     3 |     2 |     3 ||     8
  Eat: Chunk             |     1 |     9 |     2 ||    12
Armor: Robe              |    15 |     4 |     4 ||    23
Dodge: Dodged            |    54 |    44 |    33 ||   131
